Map: Jagannatha LE

Players

Krystianer - Winner!

  • Race: Protoss Protoss

Strange

  • Race: Protoss Protoss

Event: DreamHack SC2 Masters 2021 Winter

VOD

Have the link to the VOD?

Description

Time

  • Played on: Sept. 29, 2021, 12:02 p.m.
  • Length: 12:40

All games in this series

Show
View Real Time Build Order
Export as new Build Order

Krystianer Protoss - Winner!

Build Orders: Blink Stalkers 

Get SALT Encoding   

  12  0:00  Probe  
  13  0:12  Probe  
  14  0:17  Pylon  
  14  0:24  Probe (Chrono Boost)  
  16  0:36  Gateway, Probe (Chrono Boost)  
  16  0:43  Probe (Chrono Boost)  
  16  0:46  Assimilator  
  17  0:50  Probe  
  17  0:54  Assimilator  
  18  1:03  Probe (Chrono Boost)  
  19  1:07  Gateway  
  20  1:12  Probe (Chrono Boost)  
  20  1:17  Probe (Chrono Boost)  
  20  1:24  Cybernetics Core  
  21  1:29  Probe  
  22  1:33  Pylon  
  22  1:41  Probe  
  23  1:53  Probe  
  24  2:01  Stalker x2, Warp Gate  
  29  2:13  Pylon  
  28  2:18  Twilight Council  
  28  2:31  Stalker  
  28  2:32  Stalker  
  32  2:53  Blink (Chrono Boost)  
  32  3:02  Pylon  
  32  3:07  Stalker  
  34  3:16  Stalker  
  36  3:34  Nexus, Probe (Chrono Boost)  
  37  3:46  Probe (Chrono Boost)  
  38  3:55  Stalker x2  
  42  3:56  Probe (Chrono Boost)  
  43  4:04  Pylon  
  43  4:07  Probe  
  44  4:19  Probe  
  45  4:27  Stalker x2  
  49  4:36  Robotics Facility  
  49  4:38  Probe  
  50  4:48  Gateway  
  50  4:51  Probe  
  51  4:56  Probe  
  52  5:02  Stalker, Sentry, Shield Battery  
  52  5:05  Probe  
  55  5:17  Probe x2 (Chrono Boost)  
  55  5:24  Observer (Chrono Boost)  
  55  5:26  Stalker  
  55  5:28  Probe (Chrono Boost)  
  60  5:30  Probe (Chrono Boost)  
  60  5:32  Probe (Chrono Boost)  
  59  5:38  Observer (Chrono Boost), Probe  
  61  5:43  Probe  
  61  5:45  Gateway  
  62  5:51  Forge  
  62  5:56  Pylon  
  62  6:12  Assimilator  
  62  6:14  Probe x2  
  62  6:16  Stalker x2  
  68  6:19  Pylon  
  68  6:27  Probe x2  
  68  6:37  Nexus  
  68  6:38  Pylon  
  68  6:39  Probe  
  69  6:49  Protoss Ground Weapons Level 1 (Chrono Boost)  
  69  6:51  Probe x2  
  69  7:03  Probe  
  69  7:04  Gateway  
  69  7:06  Gateway  
  69  7:07  Gateway, Probe  
  71  7:13  Photon Cannon  
  71  7:15  Probe  
  72  7:19  Probe  
  73  7:24  Shield Battery  
  73  7:27  Probe  
  74  7:31  Probe  
  74  7:36  Stalker x2  
  78  7:39  Probe  
  78  7:43  Shield Battery  
  79  7:45  Photon Cannon  
  79  7:51  Probe  
  79  7:56  Stalker  
  79  8:01  Probe (Chrono Boost)  
  79  8:02  Probe (Chrono Boost)  
  79  8:03  Observer  
  76  8:10  Probe (Chrono Boost)  
  79  8:13  Probe (Chrono Boost)  
  79  8:17  Stalker  
  79  8:18  Photon Cannon, Stalker, Probe (Chrono Boost)  
  84  8:20  Probe (Chrono Boost)  
  84  8:21  Probe (Chrono Boost), Charge  
  84  8:26  Probe  
  86  8:27  Photon Cannon  
  86  8:29  Stalker  
  86  8:31  Stalker  
  86  8:32  Probe  
  91  8:46  Stalker, Protoss Ground Weapons Level 2 (Chrono Boost)  
  93  8:50  Assimilator, Templar Archives  
  93  8:53  Gateway  
  83  9:11  Probe  
  80  9:19  Zealot x6  
  80  9:22  Pylon x2  
  92  9:33  Probe x2  
  92  9:35  Nexus  
  92  9:36  Pylon  
  94  9:44  High Templar  
  94  9:45  High Templar x5  
  104  9:51  Observer  
  107  9:53  Archon x3  
  107  9:54  Zealot  
  107  9:58  Gateway  
  110  10:00  Probe, Pylon  
  110  10:02  Pylon  
  110  10:18  Observer  
  102  10:21  Zealot x7  
  102  10:22  Probe  
  102  10:27  Probe  
  108  10:31  Probe  
  83  10:42  Stalker  
  83  10:43  Stalker x6  
  89  10:56  Probe  
  90  11:05  Zealot x2  
  90  11:06  Zealot x6  
  90  11:11  Probe x3  
  105  11:23  Observer (Chrono Boost)  
  98  11:27  Observer  
  90  11:36  Zealot x8  
  90  11:39  Photon Cannon, Probe x2  
  106  11:40  Probe  
  106  11:45  Probe  
  108  11:59  Zealot x8  
  108  12:00  Probe  
  123  12:05  Probe  
  104  12:22  Stalker x2  
  98  12:23  Stalker x6  
  98  12:25  Probe  
  98  12:27  Probe  
Show
View Real Time Build Order
Export as new Build Order

Strange Protoss 

Build Orders: Phoenix Opening, Dark Templar Rush 

Get SALT Encoding   

  12  0:00  Probe  
  13  0:12  Probe  
  14  0:18  Pylon  
  14  0:24  Probe (Chrono Boost)  
  15  0:36  Gateway  
  15  0:38  Probe (Chrono Boost)  
  16  0:43  Probe (Chrono Boost)  
  16  0:45  Assimilator  
  17  0:52  Probe (Chrono Boost)  
  17  0:54  Assimilator  
  19  1:04  Probe (Chrono Boost)  
  19  1:06  Gateway  
  19  1:13  Probe (Chrono Boost)  
  19  1:18  Probe  
  20  1:23  Cybernetics Core  
  21  1:30  Probe  
  22  1:34  Pylon  
  22  1:42  Probe  
  23  1:54  Probe  
  23  1:56  Warp Gate (Chrono Boost)  
  23  1:59  Stalker, Sentry  
  28  2:06  Probe  
  28  2:07  Pylon  
  29  2:19  Probe  
  30  2:25  Stalker  
  30  2:29  Stalker  
  34  2:31  Probe  
  34  2:33  Phoenix  
  34  2:35  Pylon  
  35  2:45  Twilight Council  
  35  3:08  Nexus  
  35  3:13  Pylon  
  35  3:28  Robotics Facility  
  35  3:32  Dark Shrine  
  35  3:41  Gateway  
  35  3:47  Shield Battery  
  35  4:00  Stalker  
  35  4:01  Stalker  
  39  4:19  Immortal (Chrono Boost)  
  41  4:40  Pylon  
  41  4:43  Dark Templar  
  43  4:46  Dark Templar  
  45  4:58  Nexus  
  45  5:01  Observer  
  46  5:24  Probe  
  46  5:26  Forge  
  47  5:36  Probe, Shield Battery  
  47  5:37  Blink (Chrono Boost)  
  48  5:46  Sentry  
  48  5:48  Probe (Chrono Boost)  
  51  5:55  Warp Prism (Chrono Boost)  
  51  5:58  Protoss Ground Weapons Level 1 (Chrono Boost)  
  51  6:00  Probe (Chrono Boost)  
  54  6:05  Probe (Chrono Boost)  
  54  6:10  Probe  
  56  6:13  Photon Cannon  
  56  6:15  Probe  
  57  6:22  Probe  
  58  6:27  Probe  
  58  6:30  Observer  
  58  6:31  Stalker  
  61  6:35  Stalker  
  61  6:36  Probe  
  61  6:39  Assimilator, Probe  
  63  6:49  Stalker  
  63  6:51  Probe  
  66  6:55  Pylon  
  66  6:56  Stalker  
  66  7:00  Pylon  
  66  7:02  Stalker  
  66  7:04  Probe  
  66  7:06  Observer, Probe  
  70  7:17  Probe  
  69  7:25  Immortal  
  69  7:27  Probe  
  69  7:29  Assimilator, Probe  
  75  7:39  Probe  
  75  7:41  Dark Templar  
  75  7:42  Dark Templar  
  78  7:45  Probe  
  79  7:52  Probe  
  79  7:57  Probe  
  81  8:04  Probe  
  81  8:05  Protoss Ground Weapons Level 2 (Chrono Boost)  
  80  8:09  Probe  
  80  8:10  Immortal  
  83  8:16  Probe  
  84  8:23  Sentry  
  84  8:24  Observer  
  86  8:27  Pylon  
  86  8:28  Gateway, Pylon  
  86  8:41  Pylon  
  86  8:47  Nexus  
  86  8:51  Gateway  
  86  8:52  Gateway  
  86  8:53  Sentry x3  
  88  9:07  Shield Battery  
  84  9:11  Immortal  
  88  9:17  Nexus  
  88  9:25  Probe x2  
  88  9:28  Stalker, Sentry  
  88  9:29  Stalker  
  96  9:35  Sentry  
  96  9:37  Probe  
  100  9:43  Resonating Glaives (Chrono Boost)  
  100  9:45  Gateway  
  97  9:54  Stalker  
  97  9:55  Stalker x3  
  105  10:10  Pylon  
  105  10:17  Robotics Bay  
  96  10:22  Stalker  
  96  10:23  Stalker x3  
  94  10:30  Probe x2  
  94  10:33  Zealot  
  92  10:38  Zealot  
  92  10:41  Probe  
  92  10:42  Probe  
  86  10:45  Probe  
  86  10:48  Assimilator  
  87  10:50  Dark Shrine  
  87  10:54  Observer (Chrono Boost)  
  86  10:59  Zealot x2, Assimilator  
  86  11:01  Stalker x2  
  90  11:06  Shield Battery  
  90  11:07  Shield Battery  
  90  11:10  Photon Cannon  
  88  11:20  Stalker x2  
  88  11:21  Stalker  
  88  11:24  Zealot  
  84  11:27  Stalker  
  84  11:28  Zealot  
  76  11:34  Stalker, Disruptor (Chrono Boost)  
  81  11:44  Stalker  
  81  11:45  Stalker  
  85  11:52  Shield Battery  
  85  11:54  Zealot  
  85  11:55  Zealot x2  
  85  11:59  Zealot  
  85  12:01  Zealot  
  89  12:08  Dark Templar x2  
  91  12:19  Dark Templar x3  
  81  12:35  Stalker x2  

Tags
 
Add a new tag
Caveats
  • Supply blocks, unpowered buildings, or Contaminate may cause inaccurate times.
  • Supply counts are checked every 10 seconds.